 Dungeon Crawl Stone Soup version 0.29-a0-275-g389c0b56f3 (webtiles) character file.

Game seed: 14810177946223391285

554 bande the Covered (level 7, -19/43 HPs)
             Began as a Gargoyle Fighter on Mar 11, 2022.
             Demolished by an ogre
             ... wielding a +0 giant club
              (20 damage)
             ... on level 4 of the Dungeon.
             The game lasted 00:06:59 (3861 turns).

bande the Covered (Gargoyle Fighter)                Turns: 3861, Time: 00:07:00

Health: -19/43     AC: 14    Str: 20    XL:     7   Next: 30%
Magic:  7/7        EV:  9    Int:  8    God:
Gold:   211        SH:  4    Dex: 11    Spells: 6/6 levels left

rFire   . . .      SeeInvis +   g - +1 hand axe (elec)
rCold   . . .      Faith    .   c - +0 buckler
rNeg    + . .      Spirit   .   b - +0 scale mail
rPois   ∞          Reflect  .   o - +0 helmet
rElec   +          Harm     .   m - +0 cloak
rCorr   .          Rampage  .   (no gloves)
Will    .....                   (no boots)
Stlth   ..........              (no amulet)
HPRegen 0.14/turn               k - ring of see invisible
MPRegen 0.10/turn               (no ring)

@: no status effects
A: sickness immunity, AC +4, negative energy resistance 1, electricity
resistance, torment resistance 1, petrification resistance
a: no special abilities


You were on level 4 of the Dungeon.
You visited 1 branch of the dungeon, and saw 4 of its levels.

You collected 211 gold pieces.

Inventory:

Hand Weapons
 a - a +0 war axe
 f - a +0 flail
 g - a +1 hand axe of electrocution (weapon)
Missiles
 i - a throwing net (quivered)
Armour
 b - a +0 scale mail (worn)
 c - a +0 buckler (worn)
 m - a +0 cloak (worn)
 o - a +0 helmet (worn)
Jewellery
 j - a ring of ice
 k - a ring of see invisible (left hand)
Wands
 l - a wand of acid (5)
 p - a wand of flame (6)
Scrolls
 n - 2 scrolls of teleportation
Potions
 d - a potion of might
 e - a potion of curing
 h - a potion of haste {unknown}
 q - a potion of resistance {unknown}


   Skills:
 + Level 4.3 Fighting
 + Level 4.6 Axes
 + Level 5.1 Armour
 + Level 4.3 Shields
 * Level 2.1 Evocations


You had 6 spell levels left.
You didn't know any spells.
Your spell library contained the following spells:

 Spells                   Type           Power      Damage    Failure   Level
 Ignite Poison            Fire/Tmut/Pois 0%         N/A       99%         3
 Mephitic Cloud           Conj/Pois/Air  0%         N/A       99%         3
 Tukima's Dance           Hex            0%         N/A       99%         3
 Anguish                  Hex/Necr       0%         N/A       100%        4
 Freezing Cloud           Conj/Ice/Air   0%         6-21      100%        5
 Enfeeble                 Hex            0%         N/A       100%        7


Dungeon Overview and Level Annotations

Branches:
Dungeon (4/15)
 Temple: D:4-7

Altars:
Cheibriados

Shops:
D:4 [


Innate Abilities, Weirdness & Mutations

You are immune to sickness and miasma.
Your stone body is resilient. (AC +4)
You are immune to poison.
You resist negative energy. (rN+)
You are resistant to electric shocks. (rElec)
You are resistant to unholy torment.
You are immune to petrification.


Message History

You slash the dart slug!
You kill the dart slug!
No target in view!
No target in view!
No target in view!
No target in view!
No target in view!
HP restored.
You now have 211 gold pieces (gained 15).
An ogre comes into view. It is wielding a +0 giant club.
The ogre shouts!
You hit the ogre.
The ogre is moderately wounded.
The ogre completely misses you.
You hit the ogre.
The ogre is moderately wounded.
You hit the ogre.
The ogre is moderately wounded.
The ogre barely misses you.
You hit the ogre.
The ogre is heavily wounded.
The ogre hits you with a +0 giant club!
You hit the ogre.
The ogre is heavily wounded.
You hit the ogre.
The ogre is severely wounded.
The ogre closely misses you.
You hit the ogre.
The ogre is severely wounded.
The ogre hits you with a +0 giant club!
* * * LOW HITPOINT WARNING * * *
You hit the ogre but do no damage.
The ogre is severely wounded.
The ogre hits you with a +0 giant club!
* * * LOW HITPOINT WARNING * * *
Unknown command.
You hit the ogre.
The ogre is severely wounded.
The ogre hits you with a +0 giant club!!
You die...

....##...#.#.## .)
##...#........#....
#.....##....w....
#......#..#.#.#..
#.#.......###
...##.##.....# ..
....#....##
.......#.#
........@#
#.#......O....# #
##.......####
#.........#
#...........
....$.........
....$...........
..........##....


You could see an ogre.

Vanquished Creatures
  Grinder (D:2)
  Sigmund (D:3)
  A hound (D:4)
  6 adders
  3 gnolls (D:3)
  3 worms (D:2)
  A dart slug (D:4)
  An orc (D:2)
  9 ball pythons
  2 bats (D:1)
  8 endoplasms
  4 giant cockroaches
  11 goblins
  6 hobgoblins
  12 jackals
  2 quokkas
  2 frilled lizards
  5 kobolds
  6 rats
84 creatures vanquished.

Notes
Turn   | Place    | Note
-------+----------+-------------------------------------------
     0 | D:1      | bande the Gargoyle Fighter began the quest for the Orb.
     0 | D:1      | Reached XP level 1. HP: 14/14 MP: 1/1
    38 | D:1      | Found a faded altar of an unknown god.
    80 | D:1      | Reached XP level 2. HP: 19/19 MP: 2/2
   317 | D:1      | Reached XP level 3. HP: 23/23 MP: 3/3
   812 | D:2      | Reached XP level 4. HP: 29/29 MP: 4/4
   962 | D:2      | Reached skill level 4 in Armour
  1474 | D:3      | Noticed Grinder
  1476 | D:3      | Paralysed by Grinder for 4 turns
  2017 | D:2      | Paralysed by Grinder for 2 turns
  2021 | D:2      | Killed Grinder
  2022 | D:2      | Reached skill level 1 in Evocations
  2022 | D:2      | Reached XP level 5. HP: 13/33 MP: 5/5
  2022 | D:2      | Reached XP level 6. HP: 15/38 MP: 6/6
  3093 | D:3      | Found a snail-covered altar of Cheibriados.
  3100 | D:3      | Noticed Sigmund
  3162 | D:3      | Killed Sigmund
  3163 | D:3      | Reached skill level 5 in Armour
  3163 | D:3      | Reached XP level 7. HP: 35/43 MP: 7/7
  3787 | D:4      | Found Xieroefu's Armour Boutique.
  3860 | D:4      | HP: 1/43 [ogre/+0 giant club (11)]
  3861 | D:4      | Demolished by an ogre

Illustrated notes

Levels and vault maps discovered:
D:1:      psy_arrival_basics, layout_rooms, chequers_ecumenical_altar_simple
D:2:      layout_loops_ring
D:3:      layout_loops_ring, mainiacjoe_overflow_small_starburst,
          minmay_misc_feat_pillars, uniq_grinder, uniq_sigmund
D:4:      layout_cave_pools, serial_shops, shop

Skill      XL: |  1  2  3  4  5  6 |
---------------+-------------------+-----
Axes           | 2 4 |  4.6
Armour         | 4 5 |  5.1
Fighting       | 4 |  4.3
Shields        | 4 |  4.3
Evocations     | 1 2 |  2.1

Action                   |  1- 3 |  4- 6 |  7- 9 || total
-------------------------+-------+-------+-------++-------
Melee: War axe           |    23 |       |       ||    23
       Hand axe          |    57 |   136 |    29 ||   222
  Use: Scroll            |     2 |     3 |     1 ||     6
Armor: Scale mail        |    66 |    56 |    10 ||   132
Dodge: Dodged            |    53 |    58 |    11 ||   122
Block: Buckler           |    21 |    32 |     3 ||    56

Table legend: (Time is in decaauts)
 A = Elapsed time spent in this place.
 B = Non-inter-level travel time spent in this place.
 C = Inter-level travel time spent in this place.
 D = Time resting spent in this place.
 E = Time spent auto-exploring this place.
 F = Levels seen in this place.
 G = Mean time per level.
                   A        B        C        D        E       F      G
               +--------+--------+--------+--------+--------+-----+--------+
         Total |   3915 |   3846 |     69 |   1670 |   1427 |   4 |  978.8 |
       Dungeon |   3915 |   3846 |     69 |   1670 |   1427 |   4 |  978.8 |
               +--------+--------+--------+--------+--------+-----+--------+

Top non-repeatable levels by time:
     D:2: 1810 daAuts
     D:3: 1417 daAuts
     D:1: 594 daAuts
     D:4: 93 daAuts
